 Dungeon Crawl Stone Soup version 0.30-a0-964-gd452b5e7fa (webtiles) character file.

Game seed: 17449422498352076149

308 Darius099 the Chopper (level 6, -1/52 HPs)
             Began as a Minotaur Fighter on Mar 29, 2023.
             Was an Initiate of Okawaru.
             Succumbed to a scorpion's poison
             ... on level 4 of the Dungeon on Mar 30, 2023.
             The game lasted 00:06:51 (2558 turns).

Darius099 the Chopper (Minotaur Fighter)            Turns: 2558, Time: 00:06:51

Health: -1/52      AC:  8    Str: 22    XL:     6   Next: 16%
Magic:  2/5        EV:  9    Int:  5    God:    Okawaru [......]
Gold:   197        SH:  4    Dex: 10    Spells: 5/5 levels left

rFire   . . .      SeeInvis .    a - +0 war axe
rCold   . . .      Faith    .    c - +0 buckler
rNeg    . . .      Spirit   +    b - +0 scale mail
rPois   .          Reflect  .    (helmet restricted)
rElec   .          Rampage  .    (no cloak)
rCorr   .                        r - +0 pair of gloves
Will    +....                    (no boots) Stlth
                                 e - amulet of guardian spirit
HPRegen 0.28/turn                i - ring of willpower
MPRegen 0.09/turn                (no ring)

@: lethally poisoned (-1 -> -9)
A: horns 2, retaliatory headbutt
a: Renounce Religion


You were on level 4 of the Dungeon.
You worshipped Okawaru.
Okawaru was noncommittal.
You visited 1 branch of the dungeon, and saw 4 of its levels.

You collected 197 gold pieces.

Inventory:

Hand Weapons
 a - a +0 war axe (weapon)
Missiles
 q - 2 silver javelins (quivered)
 s - a throwing net
Armour
 b - a +0 scale mail (worn)
 c - a +0 buckler (worn)
 r - a +0 pair of gloves (worn)
Jewellery
 e - an amulet of guardian spirit (around neck)
 i - a ring of willpower (left hand)
Scrolls
 g - 3 scrolls of enchant weapon {unknown}
 k - a scroll of teleportation {unknown}
 l - a scroll of poison {unknown}
 m - a scroll of brand weapon {unknown}
 n - 2 scrolls of fog {unknown}
 o - a scroll of identify {unknown}
 p - a scroll of magic mapping {unknown}
 t - a scroll of noise {unknown}
Potions
 d - 2 potions of might
 f - a potion of cancellation {unknown}
 h - a potion of flight {unknown}
 j - 3 potions of curing {unknown}


   Skills:
 - Level 3.6 Fighting
 + Level 7.8 Axes
 - Level 3.6 Armour
 - Level 3.6 Shields


You had 5 spell levels left.
You didn't know any spells.
Your spell library contained the following spells:

 Spells                   Type           Power      Damage    Failure   Level
 Apportation              Tloc           0%         N/A       88%         1
 Alistair's Intoxication  Tmut/Pois      0%         N/A       100%        5


Dungeon Overview and Level Annotations

Branches:
Dungeon (4/15)
 Temple: D:4-7

Altars:
Okawaru

Shops:
D:4 !


Innate Abilities, Weirdness & Mutations

You have a pair of horns on your head.
You reflexively headbutt those who attack you in melee.


Message History

You feel extremely sick.
Crazy Yiuf hits you with a +3 quarterstaff of chaos.
You feel drained.
You slash Crazy Yiuf!
You kill Crazy Yiuf!
Okawaru accepts your kill.
You feel very sick.
Your life force feels restored.
You feel very sick.
There is an open translucent door, spattered with blood here.
Things that are here:
a +3 quarterstaff of chaos; a +0 cloak; the gnoll corpse of Crazy Yiuf You feel very sick.
You see here a +0 hammer.
Okay, then.
A scorpion is nearby!
You feel sick.
You see here a +0 hammer.
You barely miss the scorpion.
You feel sick.
The scorpion stings you but does no damage.
You hit the scorpion.
The scorpion is lightly wounded.
You feel sick. The scorpion stings you.
* * * LOW HITPOINT WARNING * * *
You are lethally poisoned!
The scorpion poisons you!
You slash the scorpion! Your headbutt misses the scorpion.
The scorpion is almost dead.
* * * LOW HITPOINT WARNING * * *
You feel very sick. The scorpion stings you.
* * * LOW HITPOINT WARNING * * *
The scorpion stings you but does no damage.
You closely miss the scorpion.
The scorpion is almost dead.
* * * LOW HITPOINT WARNING * * *
You feel sick. You block the scorpion's attack.
You barely miss the scorpion.
The scorpion is almost dead.
You die...

.## #..# # #..# s.
♣♣♣♣♣##..##P#
#####♣♣♣)♣)...?.#.##
#)))#♣))♣)..........
#.))s)♣♣♣♣......###
#))@#♣♣ ♣♣....##
##### ♣♣##.# #.# #.#
###.##### #........
#.#.##### #.#.#
#.#.#


You could see a scorpion.

Vanquished Creatures
  Sigmund (D:3)
  Crazy Yiuf (D:4)
  An orc wizard (D:3)
  2 adders (D:2)
  A worm (D:2)
  4 dart slugs
  4 orcs (D:3)
  8 ball pythons
  5 bats
  6 endoplasms (D:1)
  A giant cockroach (D:1)
  6 goblins
  6 hobgoblins
  5 quokkas
  2 frilled lizards
  4 kobolds
  4 rats
61 creatures vanquished.

Vanquished Creatures (others)
  A fungus (D:4)
1 creature vanquished.

Grand Total: 62 creatures vanquished

Notes
Turn   | Place    | Note
-------+----------+-------------------------------------------
     0 | D:1      | Darius099 the Minotaur Fighter began the quest for the Orb.
     0 | D:1      | Reached XP level 1. HP: 19/19 MP: 0/0
    84 | D:1      | Reached skill level 3 in Axes
   109 | D:1      | Reached XP level 2. HP: 27/27 MP: 1/1
   370 | D:1      | Reached skill level 4 in Axes
   556 | D:1      | Reached XP level 3. HP: 20/33 MP: 2/2
   674 | D:1      | Upgraded the game from 0.30-a0-956-gcec3b41aec to
                  | 0.30-a0-964-gd452b5e7fa
   924 | D:2      | Reached skill level 5 in Axes
   963 | D:2      | Reached XP level 4. HP: 39/40 MP: 3/3
  1419 | D:3      | Found an iron altar of Okawaru.
  1420 | D:3      | Noticed Sigmund
  1431 | D:3      | Killed Sigmund
  1432 | D:3      | Reached skill level 7 in Axes
  1432 | D:3      | Reached XP level 5. HP: 26/46 MP: 1/4
  1522 | D:3      | Became a worshipper of Warmaster Okawaru
  1569 | D:3      | Reached XP level 6. HP: 52/52 MP: 5/5
  2002 | D:3      | Found a faded altar of an unknown god.
  2474 | D:4      | Found Olosil's Distillery.
  2542 | D:4      | Found a runed translucent door.
  2543 | D:4      | Noticed Crazy Yiuf
  2550 | D:4      | Killed Crazy Yiuf
  2557 | D:4      | HP: 2/52 [poisoned by a scorpion]
  2558 | D:4      | Succumbed to a scorpion's poison

Illustrated notes

Levels and vault maps discovered:
D:1:      minmay_arrival_semitransparent, layout_loops_ring
D:2:      layout_rooms
D:3:      layout_basic, mainiacjoe_overflow_paths,
          chequers_ecumenical_altar_island, uniq_sigmund
D:4:      old_forge, layout_basic, ashenzari_conservatory_becter,
          vehumet_altar_wand_db, serial_shops, nicolae_shop_hallway_plus,
          nicolae_stop_n_shop_2, serial_glass, glass_columns_b, glass_columns_a,
          uniq_crazy_yiuf_cottage

Skill      XL: |  1  2  3  4 |
---------------+-------------+-----
Axes           | 3 4 5 7 |  7.8
Fighting       | |  3.6
Armour         | |  3.6
Shields        | |  3.6

Action                     |  1- 3 |  4- 6 || total
---------------------------+-------+-------++-------
  Melee: War axe           |    78 |    52 ||   130
         Headbutt          |     8 |    11 ||    19
 Armour: Scale mail        |    33 |    20 ||    53
  Dodge: Dodged            |    28 |    11 ||    39
  Block: Buckler           |    11 |     9 ||    20

Table legend: (Time is in decaauts)
 A = Elapsed time spent in this place.
 B = Non-inter-level travel time spent in this place.
 C = Inter-level travel time spent in this place.
 D = Time resting spent in this place.
 E = Time spent auto-exploring this place.
 F = Levels seen in this place.
 G = Mean time per level.
                   A        B        C        D        E       F      G
               +--------+--------+--------+--------+--------+-----+--------+
         Total |   2600 |   2471 |    129 |    161 |   1755 |   4 |  650.0 |
       Dungeon |   2600 |   2471 |    129 |    161 |   1755 |   4 |  650.0 |
               +--------+--------+--------+--------+--------+-----+--------+

Top non-repeatable levels by time:
     D:3: 1138 daAuts
     D:1: 799 daAuts
     D:2: 575 daAuts
     D:4: 87 daAuts
